TOP OF THE 1ST |
Athletic Club KC Reserves batting - Pitching for Royse City Targaryens : LHP Pedro Tavárez
|
Pitching: LHP Pedro Tavárez
|
|
Batting: RHB Armando Altagracia
|
0-0: Called Strike 0-1: Ball 1-1: Ball 2-1: Ball 3-1: Foul Ball, location: 2F 3-2: Strikes out swinging, 2-3 out at first.
|
Batting: RHB Tasuku Goto
|
0-0: Ball 1-0: Foul Ball, location: 2F 1-1: Ball 2-1: Called Strike 2-2: Ground out 5-3 (Groundball, 5S)
|
Batting: RHB Pedro Solís
|
0-0: Ball 1-0: SINGLE (Groundball, 6MD)
|
Batting: LHB Pablo Hernández
|
0-0: Called Strike 0-1: Ground out 6-3 (Groundball, 6S)
|
Top of the 1st over - 0 runs, 1 hit, 0 errors, 1 left on base; Athletic Club KC 0 - Royse City 0 |
BOTTOM OF THE 1ST |
Royse City Targaryens batting - Pitching for Athletic Club KC Reserves : RHP David Rowlingson
|
Pitching: RHP David Rowlingson
|
|
Batting: LHB Donald Brown
|
0-0: Swinging Strike 0-1: Foul Ball, location: 2F 0-2: Ball 1-2: Ball 2-2: Foul Ball, location: 2F 2-2: Foul Ball, location: 2F 2-2: Fly out, F8 (Flyball, 8LD)
|
Batting: RHB Víctor Cuevas
|
0-0: Called Strike 0-1: Called Strike 0-2: Fly out, F6 (Popup, P)
|
Batting: RHB Melvin Thomas
|
0-0: Called Strike 0-1: Called Strike 0-2: Foul Ball, location: 2F 0-2: Strikes out looking
|
Bottom of the 1st over - 0 runs, 0 hits, 0 errors, 0 left on base; Athletic Club KC 0 - Royse City 0 |
TOP OF THE 2ND |
Athletic Club KC Reserves batting - Pitching for Royse City Targaryens : LHP Pedro Tavárez
|
Batting: RHB Troy Whitehurst
|
0-0: SINGLE (Groundball, 6MD)
|
Batting: LHB Kwang-chih Feng
|
0-0: Foul Ball, location: 2F 0-1: Called Strike 0-2: Strikes out swinging
|
Batting: LHB Luis Miguel González
|
0-0: Fly out, F7 (Flyball, 7LSF)
|
Batting: SHB Carlos Rodríguez
|
0-0: Foul Ball, location: 2F 0-1: Fly out, F7 (Flyball, 7)
|
Top of the 2nd over - 0 runs, 1 hit, 0 errors, 1 left on base; Athletic Club KC 0 - Royse City 0 |
BOTTOM OF THE 2ND |
Royse City Targaryens batting - Pitching for Athletic Club KC Reserves : RHP David Rowlingson
|
Batting: RHB Cristo Cuervo
|
0-0: Ball 1-0: Fly out, F3 (Popup, 3SF)
|
Batting: SHB Miguel Herrera
|
0-0: Called Strike 0-1: SINGLE (Groundball, 6MD)
|
Batting: RHB David Elías
|
0-0: Ball 1-0: Ball 2-0: Ball 3-0: Called Strike 3-1: Base on Balls Miguel Herrera to second
|
Batting: LHB Takahiro Suzuki
|
0-0: Ball 1-0: Called Strike 1-1: Foul Ball, location: 2F 1-2: Grounds into double play, 4-6-3 (Groundball, 4D)
|
Bottom of the 2nd over - 0 runs, 1 hit, 0 errors, 1 left on base; Athletic Club KC 0 - Royse City 0 |
TOP OF THE 3RD |
Athletic Club KC Reserves batting - Pitching for Royse City Targaryens : LHP Pedro Tavárez
|
Batting: LHB Manuel Domínguez
|
0-0: Foul Ball, location: 2F 0-1: Swinging Strike 0-2: Ball 1-2: Ball 2-2: Fly out, F8 (Flyball, 8RXD)
|
Batting: RHB Armando Altagracia
|
0-0: Called Strike 0-1: Ball 1-1: Swinging Strike 1-2: Strikes out swinging
|
Batting: RHB Tasuku Goto
|
0-0: Called Strike 0-1: Ball 1-1: Foul Ball, location: 2F 1-2: Foul Ball, location: 2F 1-2: Fly out, F7 (Flyball, 7S)
|
Top of the 3rd over - 0 runs, 0 hits, 0 errors, 0 left on base; Athletic Club KC 0 - Royse City 0 |
BOTTOM OF THE 3RD |
Royse City Targaryens batting - Pitching for Athletic Club KC Reserves : RHP David Rowlingson
|
Batting: RHB José García
|
0-0: Ball 1-0: Foul Ball, location: 2F 1-1: Called Strike 1-2: Fly out, F3 (Popup, 3SF)
|
Batting: LHB Denis Jerningham
|
0-0: Swinging Strike 0-1: SINGLE (Groundball, 34D)
|
Batting: LHB Donald Brown
|
0-0: SINGLE (Flyball, 78S) Denis Jerningham to second
|
Batting: RHB Víctor Cuevas
|
0-0: Called Strike 0-1: Ground out 3-1 (Groundball, 34S) Denis Jerningham to third Donald Brown to second
|
Batting: RHB Melvin Thomas
|
0-0: Foul Ball, location: 2F 0-1: SINGLE (Groundball, 6MD) Denis Jerningham scores Donald Brown to third Runner from 3rd tries for Home, throw and OUT!
|
Bottom of the 3rd over - 1 run, 3 hits, 0 errors, 1 left on base; Athletic Club KC 0 - Royse City 1 |
TOP OF THE 4TH |
Athletic Club KC Reserves batting - Pitching for Royse City Targaryens : LHP Pedro Tavárez
|
Batting: RHB Pedro Solís
|
0-0: Foul Ball, location: 2F 0-1: Swinging Strike 0-2: Ball 1-2: Ball 2-2: Ground out 5-3 (Groundball, 56)
|
Batting: LHB Pablo Hernández
|
0-0: Foul Ball, location: 2F 0-1: Called Strike 0-2: Strikes out swinging
|
Batting: RHB Troy Whitehurst
|
0-0: Foul Ball, location: 2F 0-1: Ball 1-1: Ground out 5-3 (Groundball, 56)
|
Top of the 4th over - 0 runs, 0 hits, 0 errors, 0 left on base; Athletic Club KC 0 - Royse City 1 |
BOTTOM OF THE 4TH |
Royse City Targaryens batting - Pitching for Athletic Club KC Reserves : RHP David Rowlingson
|
Batting: RHB Cristo Cuervo
|
0-0: Called Strike 0-1: Ball 1-1: Ground out 6-3 (Groundball, 6)
|
Batting: SHB Miguel Herrera
|
0-0: Foul Ball, location: 2F 0-1: Ball 1-1: SINGLE (Groundball, 6MD)
|
Batting: RHB David Elías
|
0-0: SINGLE (Line Drive, 8LS) Miguel Herrera to second Runner from 2nd tries for 3rd, SAFE, no throw
|
Batting: LHB Takahiro Suzuki
|
0-0: Called Strike 0-1: TRIPLE (Flyball, 8RXD) Miguel Herrera scores David Elías scores
|
Batting: RHB José García
|
0-0: Swinging Strike 0-1: Foul Ball, location: 2F 0-2: Fly out, F8 (Flyball, 8RS) Runner from 3rd tags up, SCORES, no throw
|
Batting: LHB Denis Jerningham
|
0-0: Ball 1-0: Ground out 5-3 (Groundball, 5)
|
Bottom of the 4th over - 3 runs, 3 hits, 0 errors, 0 left on base; Athletic Club KC 0 - Royse City 4 |
TOP OF THE 5TH |
Athletic Club KC Reserves batting - Pitching for Royse City Targaryens : LHP Pedro Tavárez
|
Batting: LHB Kwang-chih Feng
|
0-0: Ball 1-0: Ball 2-0: Called Strike 2-1: Ball 3-1: SINGLE (Line Drive, 56D)
|
Batting: LHB Luis Miguel González
|
0-0: Called Strike 0-1: Foul Ball, location: 2F 0-2: Ball 1-2: Ball 2-2: Strikes out swinging
|
Batting: SHB Carlos Rodríguez
|
0-0: Called Strike 0-1: Fly out, F8 (Flyball, 8RS)
|
Batting: LHB Manuel Domínguez
|
0-0: Ball 1-0: Foul Ball, location: 2F 1-1: Fly out, F8 (Flyball, 8RM)
|
Top of the 5th over - 0 runs, 1 hit, 0 errors, 1 left on base; Athletic Club KC 0 - Royse City 4 |
BOTTOM OF THE 5TH |
Royse City Targaryens batting - Pitching for Athletic Club KC Reserves : RHP David Rowlingson
|
Batting: LHB Donald Brown
|
0-0: Ball 1-0: Ball 2-0: Ball 3-0: Called Strike 3-1: Base on Balls
|
Batting: RHB Víctor Cuevas
|
0-0: Ball Donald Brown steals 2nd base 1-0: Ball 2-0: Fly out, F9 (Flyball, 89D) Runner from 2nd tags up, SAFE at 3rd, no throw
|
Batting: RHB Melvin Thomas
|
0-0: Intentional Walk
|
Batting: RHB Cristo Cuervo
|
0-0: Called Strike 0-1: Swinging Strike 0-2: Grounds into double play, 4-6-3 (Groundball, 4)
|
Bottom of the 5th over - 0 runs, 0 hits, 0 errors, 1 left on base; Athletic Club KC 0 - Royse City 4 |
TOP OF THE 6TH |
Athletic Club KC Reserves batting - Pitching for Royse City Targaryens : LHP Pedro Tavárez
|
Batting: RHB Armando Altagracia
|
0-0: Ball 1-0: Foul Ball, location: 2F 1-1: Ball 2-1: Swinging Strike 2-2: Fly out, F8 (Flyball, 8LXD)
|
Batting: RHB Tasuku Goto
|
0-0: Fly out, F8 (Flyball, 78D)
|
Batting: RHB Pedro Solís
|
0-0: Ball 1-0: Ball 2-0: Foul Ball, location: 2F 2-1: Fly out, F8 (Line Drive, 8LXD)
|
Top of the 6th over - 0 runs, 0 hits, 0 errors, 0 left on base; Athletic Club KC 0 - Royse City 4 |
BOTTOM OF THE 6TH |
Royse City Targaryens batting - Pitching for Athletic Club KC Reserves : RHP David Rowlingson
|
Batting: SHB Miguel Herrera
|
0-0: Swinging Strike 0-1: Called Strike 0-2: Ball 1-2: Ball 2-2: Ball 3-2: Ground out 4-3 (Groundball, 4)
|
Batting: RHB David Elías
|
0-0: Swinging Strike 0-1: Ball 1-1: Swinging Strike 1-2: Ground out 6-3 (Groundball, 6M)
|
Batting: LHB Takahiro Suzuki
|
0-0: Called Strike 0-1: Ground out 1-4-3 (Groundball, 15S)
|
Bottom of the 6th over - 0 runs, 0 hits, 0 errors, 0 left on base; Athletic Club KC 0 - Royse City 4 |
TOP OF THE 7TH |
Athletic Club KC Reserves batting - Pitching for Royse City Targaryens : LHP Pedro Tavárez
|
Batting: LHB Pablo Hernández
|
0-0: Called Strike 0-1: SINGLE (Groundball, 34D)
|
Batting: RHB Troy Whitehurst
|
0-0: Foul Ball, location: 2F 0-1: Ball 1-1: Ball 2-1: Ball 3-1: Foul Ball, location: 2F 3-2: Base on Balls Pablo Hernández to second
|
Batting: LHB Kwang-chih Feng
|
0-0: SINGLE (Groundball, 34D) Pablo Hernández to third Troy Whitehurst to second
|
Batting: LHB Luis Miguel González
|
0-0: Foul Ball, location: 2F 0-1: Foul Ball, location: 2F 0-2: Ball 1-2: Ball 2-2: Ball 3-2: Foul Ball, location: 2F 3-2: Fly out, F7 (Flyball, 7D) Runner from 3rd tags up, SCORES, no throw
|
Batting: SHB Carlos Rodríguez
|
0-0: Ball 1-0: Foul Ball, location: 2F 1-1: Swinging Strike 1-2: Fly out, F7 (Flyball, 7D)
|
Batting: LHB Manuel Domínguez
|
0-0: SINGLE (Groundball, 6MS) (infield hit) Troy Whitehurst to third Kwang-chih Feng to second
|
Batting: RHB Armando Altagracia
|
0-0: Ball 1-0: Fly out, F3 (Popup, 3)
|
Top of the 7th over - 1 run, 3 hits, 0 errors, 3 left on base; Athletic Club KC 1 - Royse City 4 |
BOTTOM OF THE 7TH |
Royse City Targaryens batting - Pitching for Athletic Club KC Reserves : RHP David Rowlingson
|
Batting: RHB José García
|
0-0: Ball 1-0: Ground out U3 (Groundball, 34)
|
Batting: LHB Denis Jerningham
|
0-0: Called Strike 0-1: Foul Ball, location: 2F 0-2: SINGLE (Flyball, 9S)
|
Batting: LHB Donald Brown
|
0-0: Ball 1-0: Called Strike 1-1: Ball 2-1: Ball 3-1: Swinging Strike 3-2: Base on Balls Denis Jerningham to second
|
Batting: RHB Víctor Cuevas
|
0-0: SINGLE (Groundball, 56D) Denis Jerningham to third Donald Brown to second
|
Batting: RHB Melvin Thomas
|
0-0: Ball 1-0: Grounds into fielders choice 4-2 (Groundball, 34) Donald Brown to third Víctor Cuevas to second
|
Batting: RHB Cristo Cuervo
|
0-0: Ball 1-0: Ball 2-0: Foul Ball, location: 2F 2-1: Ball 3-1: Base on Balls Donald Brown scores Víctor Cuevas to third Melvin Thomas to second
|
Pitching: RHP Kamisese Alohinani
|
|
Batting: SHB Miguel Herrera
|
0-0: Ball 1-0: Ball 2-0: Ball 3-0: Base on Balls Víctor Cuevas scores Melvin Thomas to third Cristo Cuervo to second
|
Batting: RHB David Elías
|
0-0: Ball 1-0: Ball 2-0: Called Strike 2-1: Ball 3-1: Base on Balls Melvin Thomas scores Cristo Cuervo to third Miguel Herrera to second
|
Batting: LHB Takahiro Suzuki
|
0-0: Called Strike 0-1: Called Strike 0-2: Foul Ball, location: 2F 0-2: Ball 1-2: Foul Ball, location: 2F 1-2: Ball 2-2: Foul Ball, location: 2F 2-2: Ball 3-2: SINGLE (Groundball, 4MD) Cristo Cuervo scores Miguel Herrera to third David Elías to second Miguel Herrera scores David Elías to third
|
Batting: RHB José García
|
0-0: Ball 1-0: Ball 2-0: Foul Ball, location: 2F 2-1: Foul Ball, location: 2F 2-2: SINGLE (Groundball, 56D) David Elías scores Takahiro Suzuki to second
|
Batting: LHB Denis Jerningham
|
0-0: Called Strike 0-1: DOUBLE (Line Drive, 7LM) Takahiro Suzuki scores José García to third Runner from 3rd tries for Home, SAFE, no throw
|
Batting: LHB Donald Brown
|
0-0: SINGLE (Flyball, 9S) Denis Jerningham to third Runner from 3rd tries for Home, SAFE, throw made home
|
Batting: RHB Víctor Cuevas
|
0-0: Ball 1-0: Ball 2-0: Called Strike 2-1: Called Strike 2-2: Strikes out swinging
|
Bottom of the 7th over - 9 runs, 6 hits, 0 errors, 1 left on base; Athletic Club KC 1 - Royse City 13 |
TOP OF THE 8TH |
Athletic Club KC Reserves batting - Pitching for Royse City Targaryens : LHP Pedro Tavárez
|
Batting: RHB Tasuku Goto
|
0-0: Ground out 6-3 (Groundball, 6)
|
Batting: RHB Pedro Solís
|
0-0: Ball 1-0: Foul Ball, location: 2F 1-1: Ball 2-1: Ball 3-1: Called Strike 3-2: Fly out, F6 (Popup, 6M)
|
Batting: LHB Pablo Hernández
|
0-0: DOUBLE (Line Drive, 9LD)
|
Batting: RHB Troy Whitehurst
|
0-0: Ball 1-0: Ball 2-0: Foul Ball, location: 2F 2-1: Called Strike 2-2: Ball 3-2: SINGLE (Groundball, 4MD) Pablo Hernández to third Pablo Hernández scores
|
Pitching: RHP Pak Dong Hyeon
|
|
Batting: LHB Kwang-chih Feng
|
0-0: Called Strike 0-1: Foul Ball, location: 2F 0-2: Fielders Choice at 2nd, 6-4 (Groundball, 6)
|
Top of the 8th over - 1 run, 2 hits, 0 errors, 1 left on base; Athletic Club KC 2 - Royse City 13 |
BOTTOM OF THE 8TH |
Royse City Targaryens batting - Pitching for Athletic Club KC Reserves : RHP Kamisese Alohinani
|
Pinch Hitting: SHB Barney Heise
|
0-0: Ball 1-0: Called Strike 1-1: Foul Ball, location: 2F 1-2: Fly out, F7 (Flyball, 7LSF)
|
Batting: RHB Cristo Cuervo
|
0-0: Called Strike 0-1: Foul Ball, location: 2F 0-2: Foul Ball, location: 2F 0-2: Ball 1-2: Ball 2-2: Foul Ball, location: 2F 2-2: Foul Ball, location: 2F 2-2: Ball 3-2: Fly out, F6 (Line Drive, 6)
|
Batting: SHB Miguel Herrera
|
0-0: Ball 1-0: Swinging Strike 1-1: Swinging Strike 1-2: Strikes out looking
|
Bottom of the 8th over - 0 runs, 0 hits, 0 errors, 0 left on base; Athletic Club KC 2 - Royse City 13 |
TOP OF THE 9TH |
Athletic Club KC Reserves batting - Pitching for Royse City Targaryens : RHP Pak Dong Hyeon
|
Now at 2B: Barney Heise
|
|
Batting: LHB Luis Miguel González
|
0-0: Foul Ball, location: 2F 0-1: Foul Ball, location: 2F 0-2: Ball 1-2: Ball 2-2: Foul Ball, location: 2F 2-2: Ball 3-2: Base on Balls
|
Batting: SHB Carlos Rodríguez
|
0-0: Ball 1-0: Foul Ball, location: 2F 1-1: Ball 2-1: Foul Ball, location: 2F 2-2: Strikes out swinging
|
Batting: LHB Manuel Domínguez
|
0-0: Ball 1-0: Called Strike 1-1: Ball 2-1: Fly out, F7 (Flyball, 78S)
|
Batting: RHB Armando Altagracia
|
|
Pinch Hitting: LHB Shojiro Ueda
|
0-0: Foul Ball, location: 2F 0-1: Ball 1-1: Ball 2-1: Fly out, F9 (Flyball, 89S)
|
Top of the 9th over - 0 runs, 0 hits, 0 errors, 1 left on base; Athletic Club KC 2 - Royse City 13 |
|